cohdb
Replays
Latest Replays
All Replays
Popular Replays
Top Player Replays
Match Explorer
How It Works
Community
CoH3 Stats
Reddit
Sign in to upload your games and track your stats! →
Sign in with Steam
Match 28856820
Unlisted
Match 28856820
Overview
Messages
Build Orders
End
Construct Barracks
Selects Advanced Infantry Battlegroup
Riflemen Squad
Riflemen Squad
Riflemen Squad
Infantry Support Center
Scout Squad
Selects Artillery Observers
Construct Medical Station
Construct Weapon Support Center
Bazooka Squad
Selects Convert to Ranger Squad
Grenade Package
Convert to Ranger Squad
Advanced Logistics
Selects Designate Assault Position
Riflemen Squad
MasterStef
HulkSMASH
0
0
Comments
sign in to comment!
No comments posted yet!